Map: Amygdala

Players

VITRyung (Ryung)

  • Race: Terran Terran
  • Spawn Location: 7:00

Dark - Winner!

  • Race: Zerg Zerg
  • Spawn Location: 1:00

VOD

Have the link to the VOD?

Description

Time

  • Played on: April 9, 2025, 9:31 a.m.
  • Length: 20:42
Show
View Real Time Build Order
Export as new Build Order

VITRyung Terran 

Build Orders: Reaper Expand, Hellion Banshee 

Get SALT Encoding   

  12  0:00  SCV  
  13  0:12  SCV  
  14  0:16  Supply Depot  
  14  0:24  SCV  
  15  0:38  SCV  
  15  0:40  Barracks  
  16  0:43  Refinery  
  16  0:50  SCV  
  17  1:02  SCV  
  18  1:14  SCV  
  19  1:27  Reaper, Orbital Command  
  20  1:37  Command Center  
  20  1:45  Supply Depot  
  20  1:52  SCV  
  21  1:59  Marine  
  22  2:04  SCV  
  23  2:09  Factory  
  23  2:10  Refinery  
  23  2:17  SCV  
  23  2:20  Barracks Reactor  
  24  2:29  SCV  
  25  2:41  SCV  
  26  2:50  Orbital Command  
  26  2:53  SCV  
  26  2:54  Starport  
  27  3:03  Hellion  
  27  3:04  Hellion  
  27  3:05  SCV  
  32  3:12  Barracks Tech Lab  
  32  3:15  SCV  
  32  3:17  SCV  
  34  3:23  Supply Depot  
  34  3:25  Hellion x2  
  38  3:27  SCV  
  38  3:29  SCV  
  40  3:36  Banshee, Cloaking Field  
  40  3:37  Marine  
  40  3:40  SCV  
  45  3:41  SCV  
  46  3:49  Hellion x2  
  46  3:53  Supply Depot  
  46  3:54  SCV x2  
  52  3:56  Barracks Tech Lab  
  52  4:09  SCV  
  53  4:10  Command Center  
  53  4:18  Stimpack  
  53  4:19  Banshee  
  57  4:24  SCV x2  
  57  4:26  Supply Depot  
  57  4:29  Factory Reactor  
  58  4:37  SCV  
  58  4:38  SCV  
  60  4:40  Barracks  
  60  4:42  Barracks  
  60  4:48  Supply Depot  
  60  4:50  SCV x2  
  60  4:55  Engineering Bay  
  60  4:56  Engineering Bay  
  60  4:58  Marine  
  59  5:02  SCV x2  
  61  5:14  Refinery, Supply Depot, SCV x2  
  60  5:15  Refinery, Starport Reactor  
  60  5:19  Marine  
  62  5:23  Terran Infantry Armor Level 1, Terran Infantry Weapons Level 1, Orbital Command  
  62  5:26  SCV x2  
  64  5:38  SCV x2, Barracks  
  64  5:41  Marine x4, Barracks  
  70  5:43  Orbital Command  
  71  5:50  SCV  
  71  5:54  Medivac  
  71  5:55  Medivac  
  71  5:56  Marine  
  76  5:57  Siege Tank  
  76  6:03  SCV  
  76  6:04  Supply Depot, SCV  
  81  6:05  Supply Depot  
  81  6:07  Marine x3  
  81  6:08  Combat Shield  
  84  6:15  SCV  
  84  6:16  SCV x2  
  84  6:18  Marine x2  
  89  6:25  Marine x3  
  90  6:29  Siege Tank  
  90  6:30  Barracks Reactor, SCV  
  90  6:31  SCV x2  
  98  6:33  Barracks Reactor  
  98  6:35  Marine x2  
  100  6:41  Armory  
  100  6:43  Supply Depot x2, Marine x2  
  100  6:44  Marine  
  103  6:47  SCV x2  
  103  6:48  SCV  
  103  6:53  Marine x2  
  108  6:58  Factory  
  108  6:59  SCV  
  108  7:00  Marine  
  108  7:01  Marine x2  
  108  7:09  Marine  
  108  7:11  Marine  
  108  7:12  Marine  
  108  7:13  Marine x2  
  108  7:14  Marine, Siege Tank  
  106  7:23  Marine x2  
  106  7:24  Marine  
  106  7:27  Marine  
  106  7:28  SCV x3  
  106  7:29  Marine  
  114  7:30  Terran Infantry Weapons Level 2, Marine x2, Terran Infantry Armor Level 2  
  114  7:36  Refinery x2  
  116  7:37  Marine, Command Center  
  116  7:38  Marine  
  116  7:40  SCV x3  
  116  7:41  Marine  
  116  7:43  Medivac x2  
  126  7:45  Factory Tech Lab  
  126  7:46  Factory Reactor  
  126  7:47  Marine  
  126  7:48  Marine  
  128  7:53  Terran Vehicle Weapons Level 1  
  128  7:55  SCV x2  
  128  7:58  Supply Depot  
  130  7:59  Supply Depot  
  130  8:00  Marine x2  
  130  8:03  Marine  
  133  8:10  Supply Depot  
  133  8:18  Supply Depot, Marine x5, Siege Tank  
  133  8:19  Marine  
  142  8:25  Marine x3  
  145  8:27  Drilling Claws  
  145  8:28  Widow Mine x2  
  145  8:31  Supply Depot  
  145  8:32  SCV x2  
  145  8:33  SCV  
  152  8:35  Marine x5  
  152  8:37  Marine  
  152  8:40  Medivac  
  160  8:42  Medivac  
  160  8:47  Marine  
  160  8:48  Marine x2  
  165  8:49  Widow Mine  
  167  8:58  Siege Tank  
  167  9:00  Marine x3  
  173  9:05  SCV x3  
  173  9:08  Marine x3, Barracks x2  
  179  9:12  Barracks  
  179  9:15  Marine x3  
  186  9:18  Marine  
  186  9:19  Marine x2  
  186  9:20  Medivac  
  186  9:21  Medivac  
  193  9:26  Marine  
  193  9:27  Marine x2  
  195  9:33  Marine x3  
  195  9:36  Marine  
  195  9:37  Factory Tech Lab, Marine  
  196  9:42  Planetary Fortress  
  196  9:43  Marine  
  196  9:44  SCV x2  
  196  9:45  SCV, Marine  
  196  9:52  Terran Infantry Weapons Level 3, Terran Infantry Armor Level 3  
  196  9:55  Marine x3  
  196  10:02  Marine x5  
  196  10:03  Liberator  
  196  10:06  Marine  
  196  10:07  Barracks Tech Lab x3  
  196  10:08  Liberator  
  196  10:13  Marauder, Marine x2, Siege Tank x2  
  184  10:19  Marine  
  184  10:20  Marine x3  
  175  10:25  Marine x2  
  175  10:27  Marine x2  
  177  10:29  Marine  
  177  10:30  Marine  
  177  10:31  Marine  
  177  10:35  Marine  
  169  10:37  Marine  
  169  10:38  Marine x2  
  146  10:43  Marine x3  
  146  10:44  Marine  
  146  10:45  Marauder  
  146  10:46  Medivac  
  146  10:47  Marauder  
  153  10:51  Medivac  
  153  10:53  Marauder, Siege Tank x2  
  157  11:01  Command Center  
  157  11:05  Marine x2  
  153  11:12  Marine x2  
  153  11:13  Marine  
  153  11:14  Marine x2  
  153  11:15  Marine x2  
  153  11:16  Medivac  
  162  11:19  Marauder x3  
  162  11:21  Medivac  
  169  11:30  Marine  
  169  11:31  Marine x3  
  172  11:33  Marauder  
  172  11:36  Siege Tank  
  172  11:39  Siege Tank  
  181  11:47  Marauder  
  176  12:00  Marauder x2  
  178  12:06  Marine x4  
  178  12:07  Marauder, Marine x4  
  178  12:08  Concussive Shells, Marauder  
  173  12:10  Liberator x2  
  173  12:15  Siege Tank  
  182  12:20  Siege Tank  
  182  12:21  Marine  
  186  12:32  Marauder x2, Marine x4  
  186  12:33  Marine  
  186  12:36  Marine  
  196  12:39  Marine  
  196  12:41  Marine  
  196  12:42  Marine x2  
  185  12:50  Marine x2  
  175  12:52  Marine  
  175  12:53  Marine  
  175  12:56  Marine  
  175  12:57  Marine x3  
  175  12:58  Marauder  
  179  12:59  Marine  
  179  13:00  Marine x2  
  178  13:07  Medivac, Marine  
  178  13:10  Marine x2  
  166  13:21  Marauder x2  
  166  13:22  Marine  
  166  13:23  Marauder, Marine  
  173  13:30  Marauder, Marine  
  168  13:40  SCV  
  164  13:42  Marauder x2  
  164  13:47  Marauder, Marine  
  146  14:03  Marauder  
  146  14:04  Marauder x2, Marine  
  146  14:06  Marine  
  146  14:07  Marine  
  146  14:08  Marine  
  150  14:16  Marauder  
  152  14:17  Medivac  
  152  14:20  Marine x3  
  142  14:24  Medivac  
  142  14:25  Marauder  
  142  14:28  Planetary Fortress  
  143  14:38  Marauder x2  
  147  14:45  Marauder  
  133  14:46  Marauder  
  133  14:49  Marine x2  
  133  14:51  Siege Tank  
  133  14:52  Siege Tank  
  143  14:58  Orbital Command  
  143  14:59  Marauder x2  
  147  15:14  Marine x6  
  146  15:15  Marine x2  
  146  15:21  Liberator x2  
  159  15:30  Marauder  
  159  15:31  Marauder  
  159  15:34  Marine x3, Missile Turret  
  159  15:35  Marine x3  
  169  15:41  Siege Tank  
  165  15:48  Marauder  
  159  15:55  Marauder  
  159  16:05  Siege Tank  
  145  16:17  Marauder  
  144  16:20  Marauder  
  144  16:21  Marauder  
  144  16:22  Marauder, Marine x2  
  144  16:24  Marine  
  153  16:33  Liberator x2  
  153  16:36  Marine x3  
  156  16:52  Marauder x2, Marine x4  
  156  16:53  Siege Tank  
  154  16:57  Marauder  
  154  17:01  Marauder  
  147  17:09  Siege Tank  
  147  17:13  Marauder x2  
  151  17:19  Marine x6  
  151  17:20  Marine x3  
  151  17:22  Marine  
  161  17:23  Liberator  
  161  17:25  Siege Tank  
  161  17:28  Liberator  
  170  17:34  Marine  
  171  17:44  Ghost Academy  
  171  17:47  Marauder  
  171  17:48  Marauder  
  173  17:59  Marine  
  173  18:00  Marine x3  
  173  18:03  Siege Tank  
  180  18:08  Marauder x2  
  180  18:09  Marine x3  
  150  18:24  Medivac x2  
  154  18:28  Marauder x2  
  154  18:30  Marauder  
  154  18:38  Marauder, Marine x2  
  146  18:48  SCV x3, Orbital Command  
  143  18:49  Marauder  
  144  18:59  Marauder x2  
  144  19:01  Marauder  
  141  19:11  Marauder  
  141  19:12  Missile Turret  
  141  19:15  Marine x2  
  144  19:23  Marauder  
Show
View Real Time Build Order
Export as new Build Order

Dark Zerg - Winner!

Build Orders: Hatch First, Lurkers, Roach Hydra 

Get SALT Encoding   

  12  0:00  Drone  
  13  0:12  Overlord  
  13  0:16  Drone  
  14  0:30  Drone x2  
  16  0:47  Hatchery  
  15  0:51  Drone  
  15  0:54  Drone  
  17  0:59  Drone  
  18  1:12  Spawning Pool  
  18  1:16  Drone  
  18  1:19  Drone  
  19  1:28  Drone  
  20  1:39  Hatchery  
  19  1:43  Drone  
  20  1:51  Drone  
  21  1:59  Queen  
  23  2:03  Zergling x4  
  25  2:09  Queen  
  27  2:16  Overlord  
  27  2:19  Drone  
  28  2:36  Drone x4  
  32  2:38  Queen  
  32  2:42  Overlord  
  34  2:48  Queen  
  36  2:52  Drone  
  36  2:54  Drone  
  38  3:00  Queen  
  38  3:03  Drone  
  38  3:05  Drone  
  42  3:07  Drone  
  42  3:09  Drone  
  42  3:10  Drone  
  46  3:12  Drone  
  46  3:17  Drone x2  
  46  3:18  Drone  
  49  3:22  Drone  
  49  3:25  Extractor  
  49  3:26  Extractor  
  49  3:27  Overlord  
  48  3:29  Drone x2  
  48  3:33  Overlord  
  50  3:47  Drone x4  
  50  3:48  Drone  
  55  3:49  Drone x3  
  55  3:53  Drone  
  59  3:58  Extractor, Drone x4  
  59  4:01  Roach Warren  
  61  4:03  Zergling x4  
  61  4:09  Drone x3  
  66  4:17  Lair  
  66  4:21  Overlord  
  66  4:23  Evolution Chamber, Overlord  
  65  4:24  Drone  
  65  4:25  Evolution Chamber  
  65  4:28  Drone  
  65  4:29  Overlord  
  66  4:31  Overlord  
  66  4:33  Overlord  
  66  4:38  Overlord  
  66  4:43  Roach x3  
  66  4:44  Drone x2  
  74  4:45  Extractor  
  74  4:47  Spore Crawler  
  74  4:49  Spore Crawler  
  71  4:55  Spore Crawler  
  71  4:56  Queen  
  70  5:03  Drone x2  
  70  5:06  Zerg Missile Weapons Level 1  
  68  5:07  Drone x3  
  68  5:09  Drone  
  71  5:16  Zerg Ground Armor Level 1  
  71  5:17  Drone x2  
  71  5:18  Drone  
  74  5:21  Drone x2  
  74  5:23  Drone  
  74  5:24  Drone  
  74  5:27  Overseer  
  78  5:29  Glial Reconstitution  
  78  5:33  Queen  
  79  5:37  Drone  
  79  5:38  Drone x3  
  82  5:43  Drone  
  82  5:45  Drone  
  82  5:48  Extractor  
  82  5:49  Extractor  
  81  5:51  Drone x5  
  81  5:52  Drone x3  
  89  6:01  Hatchery  
  88  6:07  Infestation Pit  
  88  6:09  Hydralisk Den  
  84  6:11  Drone  
  84  6:12  Drone x4  
  87  6:19  Roach x3  
  87  6:23  Roach x2  
  87  6:25  Overlord  
  97  6:32  Overlord  
  97  6:35  Roach x3  
  97  6:36  Roach, Extractor x2  
  97  6:37  Overlord x2  
  103  6:42  Overlord  
  103  6:44  Grooved Spines  
  103  6:48  Hive  
  103  6:50  Roach x2  
  107  6:54  Roach x3  
  107  6:55  Roach  
  115  7:02  Roach x4, Ravager x2  
  115  7:03  Ravager  
  124  7:10  Ravager x3  
  124  7:11  Roach  
  124  7:14  Roach x2  
  130  7:16  Roach x2  
  130  7:22  Roach x3  
  138  7:23  Roach  
  138  7:25  Drone x3  
  141  7:34  Overseer, Muscular Augments  
  138  7:37  Zerg Missile Weapons Level 2  
  138  7:43  Zerg Ground Armor Level 2  
  138  7:49  Hatchery  
  137  7:53  Overlord x6  
  137  7:58  Spore Crawler  
  136  8:07  Hydralisk x4  
  136  8:10  Hydralisk  
  136  8:11  Hydralisk x3  
  136  8:12  Hydralisk  
  152  8:17  Hydralisk x2  
  158  8:27  Hydralisk x4  
  166  8:36  Viper  
  169  8:41  Viper  
  169  8:43  Overlord  
  169  8:45  Overlord  
  172  8:49  Metabolic Boost  
  169  8:56  Overseer  
  169  8:57  Zergling x18  
  169  9:02  Drone x2  
  180  9:10  Hydralisk x4  
  180  9:11  Spore Crawler  
  180  9:16  Zergling x4  
  189  9:22  Hydralisk x2  
  189  9:23  Hydralisk x3  
  199  9:33  Lurker Den  
  199  9:35  Zergling x4  
  200  9:42  Unknown  
  198  9:50  Hydralisk  
  198  9:51  Hydralisk  
  199  9:56  Zerg Missile Weapons Level 3  
  192  10:01  Hydralisk x3  
  192  10:05  Hydralisk  
  190  10:13  Hydralisk  
  190  10:14  Hydralisk x9  
  172  10:30  Roach x13  
  172  10:31  Roach x3  
  172  10:33  Roach  
  183  10:38  Roach  
  183  10:42  Roach x3  
  160  10:43  Roach  
  160  10:49  Drone  
  146  10:50  Queen x2  
  146  10:55  Drone x4  
  154  10:57  Roach  
  154  11:02  Seismic Spines  
  156  11:07  Hydralisk x2  
  158  11:15  Roach x6, Hydralisk  
  172  11:19  Lurker x2  
  172  11:20  Lurker  
  175  11:26  Drone x5  
  180  11:34  Hydralisk  
  180  11:35  Lurker  
  180  11:38  Spore Crawler  
  182  11:42  Hydralisk x3  
  186  11:49  Hydralisk x3  
  186  11:54  Viper x2  
  177  11:59  Lurker  
  184  12:04  Roach x4  
  184  12:06  Zergling x2  
  184  12:07  Zergling x16, Hydralisk  
  183  12:13  Hydralisk  
  183  12:14  Hydralisk  
  183  12:15  Roach  
  189  12:18  Roach  
  189  12:22  Roach x2  
  195  12:26  Roach  
  197  12:34  Roach x2  
  196  12:42  Roach  
  172  12:44  Hydralisk x4  
  172  12:46  Roach x3  
  172  12:50  Hydralisk x3  
  178  12:55  Hydralisk  
  178  12:56  Hydralisk  
  178  12:57  Roach x4  
  178  12:58  Roach  
  192  12:59  Overlord  
  192  13:06  Adaptive Talons  
  188  13:17  Hydralisk x3  
  188  13:19  Lurker x2  
  194  13:23  Zergling x14  
  191  13:31  Lurker x2  
  183  13:36  Lurker  
  166  13:52  Hatchery  
  166  13:54  Hatchery  
  160  14:00  Hydralisk x3  
  160  14:01  Hydralisk x5  
  146  14:04  Zergling x2  
  141  14:12  Hydralisk x3  
  127  14:27  Hydralisk x2  
  127  14:28  Hydralisk  
  132  14:43  Hydralisk x3  
  116  14:48  Hydralisk x4  
  116  14:49  Hydralisk  
  116  14:52  Hydralisk  
  126  14:57  Drone x2  
  128  15:07  Lurker x2  
  128  15:09  Hatchery  
  128  15:10  Lurker  
  130  15:21  Drone x3  
  132  15:22  Drone x2  
  132  15:24  Extractor x2  
  130  15:33  Lurker x3  
  133  15:44  Hydralisk  
  133  15:45  Hydralisk x2  
  137  15:50  Lurker  
  137  15:52  Zergling x10  
  137  15:56  Lurker  
  141  15:58  Lurker  
  141  16:03  Zergling x8  
  146  16:12  Drone x5  
  146  16:14  Drone  
  152  16:18  Extractor  
  152  16:20  Extractor  
  147  16:27  Lurker  
  147  16:28  Lurker x5  
  147  16:40  Drone x2  
  126  16:54  Hydralisk x2  
  125  17:03  Hydralisk  
  125  17:04  Hydralisk x3  
  127  17:08  Lurker x4  
  127  17:11  Extractor, Hydralisk x3  
  127  17:12  Spore Crawler  
  127  17:15  Hydralisk x2  
  135  17:22  Spore Crawler  
  135  17:23  Hydralisk x4  
  135  17:26  Spore Crawler  
  135  17:27  Drone x3  
  135  17:29  Lurker  
  146  17:31  Hydralisk  
  142  17:47  Hydralisk x3  
  142  17:48  Hydralisk  
  125  18:18  Lurker x3  
  124  18:22  Lurker  
  124  18:23  Lurker x4  
  129  18:27  Hatchery  
  129  18:30  Spore Crawler  
  124  18:37  Hatchery  
  117  18:46  Hydralisk x8  
  133  18:54  Hydralisk x2  
  133  18:55  Hydralisk  
  133  19:12  Lurker x3  
  133  19:14  Zergling x16  
  141  19:17  Zergling x2  
  142  19:26  Zergling x2  
  142  19:27  Zergling x6  
  142  19:29  Lurker x2  
  142  19:30  Lurker  
  145  19:33  Hydralisk  
  147  19:50  Drone x3  
  147  19:51  Drone  
  151  19:53  Lurker x3  
  151  19:55  Zergling x2  
  151  19:56  Zergling x6  
  158  20:05  Hydralisk x2  
  158  20:06  Hydralisk x2  
  163  20:09  Hydralisk  
  165  20:15  Drone x3  
  165  20:17  Extractor  
Tags
 
Add a new tag
Caveats
  • Supply blocks, unpowered buildings, or Contaminate may cause inaccurate times.
  • Supply counts are checked every 10 seconds.